 Dungeon Crawl Stone Soup version 0.16-a0-3940-gf8a207b (console) character file.

738 MarvinPA the Summoner (level 7, -4/36 HPs)
             Began as a Tengu Summoner on Feb 7, 2015.
             Was a Follower of Sif Muna.
             Shot with an arrow by a centaur (10 damage)
             ... on level 5 of the Dungeon.
             The game lasted 00:13:35 (6145 turns).

MarvinPA the Summoner (Tengu Summoner)              Turns: 6145, Time: 00:13:35

Health: -4/36      AC:  2    Str:  8    XL:     7   Next: 75%
Magic:  16/29      EV: 12    Int: 18    God:    Sif Muna [*.....]
Gold:   227        SH:  0    Dex: 14    Spells: 5 memorised, 3 levels left

rFire  . . .     SeeInvis .     a - +0 trident
rCold  . . .     Clarity  .     e - +0 robe
rNeg   . . .     SustAb   .     (no shield)
rPois  .         Gourm    .     (helmet restricted)
rElec  .         Spirit   .     (no cloak)
rCorr  .         Warding  .     (no gloves)
rMut   .         Stasis   .     (boots unavailable)
MR     .....                    (no amulet)
Stlth  ++........               j - ring of magical power
                                f - ring of wizardry

@: not resistant to hostile enchantments, unstealthy
A: able to fly, beak, talons 3
a: Fly, Channel Energy, Renounce Religion


You were on level 5 of the Dungeon.
You worshipped Sif Muna.
Sif Muna was aware of your devotion.
You were hungry.

You visited 2 branches of the dungeon, and saw 6 of its levels.

You collected 227 gold pieces.


Innate Abilities, Weirdness & Mutations

You can fly.
You have a beak for a mouth.
You have claws for feet.


   Skills:
 - Level 2.1 Dodging
 - Level 2.0 Stealth
 + Level 5.8 Spellcasting
 + Level 8.4 Summonings


You had 3 spell levels left.
You knew the following spells:

 Your Spells              Type           Power        Failure   Level  Hunger
c - Call Canine Familiar  Summ           #####...     1%          3    ##.....
v - Summon Ice Beast      Ice/Summ       ###.....     10%         4    ####...
x - Call Imp              Summ           #####...     1%          2    None
z - Summon Small Mammal   Summ           ####         1%          1    None
Z - Summon Lightning Spi  Summ/Air       ###.....     10%         4    ####...

Inventory:

Hand weapons
 a - a +0 trident (weapon)
Armour
 e - a +0 robe (worn)
Jewellery
 f - a ring of wizardry (left hand)
 j - a ring of magical power (right hand)
Scrolls
 k - 2 scrolls of blinking
 n - a scroll of immolation {!r}
 w - a scroll of remove curse
Potions
 d - 2 potions of cure mutation
 g - a potion of cancellation {unknown}
 h - 2 potions of curing {@q1}
 l - a potion of haste {unknown}
 p - a potion of restore abilities {unknown}
 q - a potion of flight {unknown}
 r - a potion of brilliance {unknown}
 s - a potion of magic {unknown}
 t - 2 potions of heal wounds {@q2}
 u - a potion of agility
 v - a potion of poison {unknown}
Books
 b - a book of Callings
Comestibles
 c - 6 bread rations
 i - 2 royal jellies
 o - 3 meat rations

Dungeon Overview and Level Annotations

Branches:
Dungeon (5/15)             Temple (1/1) D:4

Altars:
Ashenzari
Fedhas
Kikubaaqudgha
Makhleb
Nemelex Xobeh
Qazlal
Sif Muna
Vehumet
Xom

Shops:
D:5

( ##### #.#.# #...# #.#.# #.#.#
###Y# #.#####################
#.#..(.YY.............#
#.....Q5.Y#########....
###.#####c# #.... #.#...#(# #5...
#.#.#.#(# #####.... #5#.#...#
#........ #.#.#..c# #........
#...'...# #.(...#+#
###############.#...#####........
.........o.5....c..).......>)....


You could see a centaur, 3 friendly ice beasts and a friendly white imp.


Message History

The centaur shoots an arrow.
The arrow hits you.
You see here an arrow.
Cast which spell?
A chill wind blows around you.
You are feeling hungry.
Cast which spell?
A chill wind blows around you.
The centaur shoots an arrow.
The arrow closely misses you.
Cast which spell?
A chill wind blows around you.
The centaur shoots an arrow.
The arrow barely misses you.
Cast which spell?
A beastly little devil appears in a puff of frigid air.
The centaur shoots an arrow.
The arrow hits you!
* * * LOW HITPOINT WARNING * * *
Cast which spell?
Okay, then.
The centaur shoots an arrow.
The arrow hits your ice beast. What do you say? t - Shout!
Orders for allies: a - Attack new target. r - Retreat! s - Stop attacking. w - Wait here. f - Follow me.
Anything else - Stay silent.
Gang up on whom?
Aim: a centaur, wielding a shortbow Attack!
The centaur shoots an arrow.
The arrow hits you!
* * * LOW HITPOINT WARNING * * *
The centaur shoots an arrow.
The arrow hits you!
You die...

Action                   |  1- 3 |  4- 6 |  7- 9 || total
-------------------------+-------+-------+-------++-------
Melee: Unarmed           |   101 |    30 |       ||   131
       Trident           |       |    32 |    11 ||    43
 Cast: Summon Small Mamm |    58 |    51 |     4 ||   113
       Call Imp          |    17 |    50 |     6 ||    73
       Call Canine Famil |       |    14 |     2 ||    16
       Summon Ice Beast  |       |     9 |    16 ||    25
  Use: Scroll            |       |    11 |     1 ||    12
 Stab: Sleeping          |     1 |     5 |       ||     6
       Distracted        |     1 |     1 |       ||     2
  Eat: Chunk             |     7 |    12 |     5 ||    24

Vault maps used:
D:1:      moated_graveyard_arrival
D:2:      lemuel_crystal_altar, old_standard_altar
D:3:      uniq_sigmund, uniq_robin
D:4:      temple_fountains, first_bread, uniq_duvessa, uniq_blork_the_orc
D:5:      serial_shops, shop, uniq_crazy_yiuf_cottage, uniq_natasha,
          uniq_edmund, uniq_grinder, uniq_prince_ribbit1
Temple:   nicolae_temple_great_sept

Notes
Turn   | Place    | Note
--------------------------------------------------------------
     0 | D:1      | MarvinPA, the Tengu Summoner, began the quest for the Orb.
     0 | D:1      | Reached XP level 1. HP: 10/10 MP: 3/3
   194 | D:1      | Reached skill level 5 in Summonings
   345 | D:1      | Reached XP level 2. HP: 12/15 MP: 3/5
   352 | D:1      | Learned a level 2 spell: Call Imp
   937 | D:1      | Reached XP level 3. HP: 13/19 MP: 3/7
  1739 | D:2      | Found a shimmering altar of Xom.
  1840 | D:2      | Learned a level 3 spell: Call Canine Familiar
  2031 | D:2      | Found a burning altar of Makhleb.
  2197 | D:2      | Reached skill level 3 in Spellcasting
  2582 | D:2      | Reached XP level 4. HP: 21/24 MP: 5/10
  3040 | D:3      | Noticed Sigmund
  3306 | D:3      | Killed Sigmund
  3306 | D:3      | Reached skill level 6 in Summonings
  3306 | D:3      | Reached XP level 5. HP: 28/28 MP: 9/13
  3588 | D:3      | Noticed Robin
  3614 | D:3      | Killed Robin
  4207 | D:4      | Noticed Dowan
  4211 | D:4      | Noticed Duvessa
  4213 | D:4      | Killed Dowan
  4215 | D:4      | Noticed Blork the orc
  4410 | D:4      | Killed Duvessa
  4410 | D:4      | Reached skill level 4 in Spellcasting
  4410 | D:4      | Reached XP level 6. HP: 32/32 MP: 11/17
  4487 | D:4      | Learned a level 4 spell: Summon Ice Beast
  4540 | D:4      | Killed Blork the orc
  4540 | D:4      | Reached skill level 7 in Summonings
  4825 | D:4      | Found a staircase to the Ecumenical Temple.
  4835 | Temple   | Entered the Ecumenical Temple
  4902 | Temple   | Became a worshipper of Sif Muna the Loreminder
  5201 | D:5      | Entered Level 5 of the Dungeon
  5385 | D:5      | Noticed Grinder
  5433 | D:5      | Killed Grinder
  5433 | D:5      | Reached skill level 5 in Spellcasting
  5433 | D:5      | Reached XP level 7. HP: 22/36 MP: 2/20
  5609 | D:5      | Reached skill level 8 in Summonings
  5757 | D:5      | Found Ecaevawi's Weapon Boutique.
  5778 | D:5      | Noticed Edmund
  5795 | D:5      | Killed Edmund
  5795 | D:5      | Acquired Sif Muna's first power
  5806 | D:5      | Learned a level 4 spell: Summon Lightning Spire
  6145 | D:5      | Shot with an arrow by a centaur

Vanquished Creatures
  A giant mite (D:1)
  2 giant geckos (D:1)
  6 bats
  8 goblins
  4 hobgoblins
  4 kobolds
  A quokka (D:5)
  2 giant cockroaches
  6 rats
34 creatures vanquished.

Vanquished Creatures (collateral kills)
  Grinder (D:5)
  Edmund (D:5)
  A sky beast (D:5)
  Sigmund (D:3)
  Duvessa (D:4)
  Blork the orc (D:4)
  A scorpion (D:4)
  A crimson imp (D:5)
  Dowan (D:4)
  2 orc priests (D:5)
  2 giant frog skeletons (D:5)
  2 iguanas
  5 orc wizards
  A worker ant (D:4)
  Robin (D:3)
  A gnoll (D:1)
  6 adders
  4 worms
  3 giant geckos
  19 orcs
  A ball python (D:2)
  3 giant cockroaches
  11 hobgoblins
  2 quokkas
  8 bats
  2 giant newts
  16 goblins
  A jackal zombie (D:3)
  8 kobolds
  8 rats
115 creatures vanquished.

Vanquished Creatures (others)
  2 ice beasts (D:5)
  4 crimson imps
  5 hounds
  A shadow imp (D:5)
  5 white imps
  An orc (D:3)
  9 quokkas
  3 bats
  5 rats
35 creatures vanquished.

Grand Total: 184 creatures vanquished
